 Dungeon Crawl Stone Soup version 0.30-a0-737-gf23d94013f (webtiles) character file.

Game seed: 11249725036543851396

110 M4edhros the Insei (level 4, 0/28 HPs)
             Began as an Octopode Transmuter on Feb 2, 2023.
             Slain by a black bear (4 damage)
             ... on level 4 of the Dungeon.
             The game lasted 00:01:12 (289 turns).

M4edhros the Insei (Octopode Transmuter)             Turns: 289, Time: 00:01:12

Health: 0/28       AC:  2    Str:  6 (9)  XL:     4   Next: 91%
Magic:  4/7        EV: 19    Int: 14 (15) God:
Gold:   14         SH:  0    Dex: 17 (19) Spells: 3/7 levels left

rFire   . . .      SeeInvis .      - Unarmed
rCold   . . .      Faith    .    (shield currently unavailable)
rNeg    . . .      Spirit   .    (helmet currently unavailable)
rPois   x          Reflect  .    (no amulet)
rElec   .          Harm     .    (no ring)
rCorr   .          Rampage  .    (no ring)
Will    .....                    (no ring)
Stlth   ++                       (no ring)
HPRegen 0.24/turn                (no ring)
MPRegen 0.10/turn                (no ring)
                                 (no ring)
                                 (no ring)

@: spider-form
A: venomous fangs, almost no armour, (amphibious), 8 rings, tiny, (camouflage
1), (gelatinous body 1), (nimble swimmer 1), (tentacles)
a: End Transformation


You were on level 4 of the Dungeon.
You were a venomous arachnid creature.
You visited 1 branch of the dungeon, and saw 4 of its levels.

You collected 14 gold pieces.

Inventory:

Wands
 a - a wand of flame (17)
Scrolls
 b - a scroll of butterflies {unknown}
 d - a scroll of identify {unknown}


   Skills:
 - Level 1.0 Fighting
 - Level 2.0 Dodging
 + Level 4.3 Unarmed Combat
 - Level 2.0 Spellcasting
 - Level 3.1 Transmutations
 + Level 2.1 Poison Magic


You had 3 spell levels left.
You knew the following spells:

 Your Spells              Type           Power      Damage    Failure   Level
a - Beastly Appendage     Tmut           20%        N/A       19%         1
b - Spider Form           Tmut/Pois      8%         N/A       45%         3

Your spell library contained the following spells:

 Spells                   Type           Power      Damage    Failure   Level
 Wereblood                Tmut           10%        N/A       24%         2
 Ice Form                 Ice/Tmut       5%         N/A       90%         4


Dungeon Overview and Level Annotations

Branches:
Dungeon (4/15)
 Temple: D:4-7

Altars:


Innate Abilities, Weirdness & Mutations

You are a venomous arachnid creature.
You have venomous fangs.
You are tiny and dextrous.
Your spellcasting is less reliable in this form.
Your armour is entirely melded.
You are incapable of wielding weapons or throwing items.
You cannot wear most types of armour.
((You are amphibious.))
You can wear up to eight rings at the same time.
((Your skin changes colour to match your surroundings (Stealth+).))
((Your rubbery body absorbs attacks. (AC +1, EV +1)))
((You are camouflaged when in or above water. (Stealth+)))
((You have tentacles for arms and can constrict up to eight enemies at once.))


Message History

You don't know that spell.
Cast which spell? (? or * to list)
Okay, then.
Okay, then.
A black bear comes into view.
The black bear growls angrily.
A ball python comes into view.
Cast which spell? (? or * to list)
The spell is quite dangerous to miscast (24% risk of failure)!
Continue anyway?
You turn into a venomous arachnid creature.
The ball python bites you. The ball python closely misses you.
You barely miss the ball python. The ball python bites you.
The ball python grabs you. The ball python constricts you.
You hit the ball python.
The ball python is poisoned.
The ball python is moderately wounded.
The ball python bites you but does no damage.
The ball python constricts you.
You bite the ball python!
You kill the ball python!
You hit the black bear but do no damage.
The black bear is poisoned.
The black bear bites you but does no damage.
The black bear claws you. The black bear misses you.
You hit the black bear.
The black bear is lightly wounded.
The black bear bites you!
The black bear claws you but does no damage.
The black bear claws you.
You hit the black bear.
The black bear is moderately wounded.
The black bear bites you. The black bear claws you.
* * * LOW HITPOINT WARNING * * *
The black bear claws you.
* * * LOW HITPOINT WARNING * * *
You hit the black bear but do no damage.
The black bear looks as sick as possible!
The black bear is moderately wounded.
The black bear barely misses you. The black bear completely misses you.
The black bear claws you.
You die...

..# #.#
#.# .<#
#.# #.#
#.#####
#.).s.#
#####h#
..#
##.#
#.# #.#
#.# #.#


You could see a black bear (extremely poisoned).

Vanquished Creatures
  Blork the orc (D:4)
  A hound (D:3)
  An adder (D:2)
  A dart slug (D:1)
  A ball python (D:4)
  2 kobolds (D:1)
  A rat (D:1)
8 creatures vanquished.

Notes
Turn   | Place    | Note
-------+----------+-------------------------------------------
     0 | D:1      | M4edhros the Octopode Transmuter began the quest for the
                  | Orb.
     0 | D:1      | Reached XP level 1. HP: 13/13 MP: 3/3
    96 | D:2      | Reached XP level 2. HP: 13/18 MP: 5/5
   144 | D:3      | Reached XP level 3. HP: 7/23 MP: 6/6
   218 | D:3      | Learned a level 3 spell: Spider Form
   242 | D:4      | Noticed Blork the orc
   255 | D:4      | Killed Blork the orc
   256 | D:4      | Reached skill level 4 in Unarmed Combat
   256 | D:4      | Reached XP level 4. HP: 28/28 MP: 7/7
   279 | D:4      | Noticed a black bear
   289 | D:4      | Slain by a black bear

Illustrated notes

Levels and vault maps discovered:
D:1:      shiori_arrival_oz, layout_basic
D:2:      layout_basic, uniq_jessica
D:3:      layout_loops_ring, nicolae_overflow_ecumenical_swirl,
          ebering_ecumenical_altar_rust
D:4:      layout_loops_ring, grunt_gozag_statues, gammafunk_ghost_grave,
          uniq_blork_the_orc, uniq_crazy_yiuf_cottage

Skill      XL: |  1  2  3 |
---------------+----------+-----
Transmutations | 3 |  3.1
Unarmed Combat | 4 |  4.3
Poison Magic   | 2 |  2.1
Fighting       | |  1.0
Dodging        | |  2.0
Spellcasting   | |  2.0

Action                     |  1- 3 |  4- 6 || total
---------------------------+-------+-------++-------
  Melee: Unarmed           |    28 |     7 ||    35
         Constrict         |     5 |       ||     5
         Tentacles         |     5 |       ||     5
         Punch             |     2 |       ||     2
   Cast: Spider Form       |       |     1 ||     1
    Use: Potion            |     2 |       ||     2
   Stab: Distracted        |     1 |       ||     1
         Sleeping          |     1 |       ||     1
 Armour: Skin              |     6 |     3 ||     9
  Dodge: Dodged            |    11 |     4 ||    15

Table legend: (Time is in decaauts)
 A = Elapsed time spent in this place.
 B = Non-inter-level travel time spent in this place.
 C = Inter-level travel time spent in this place.
 D = Time resting spent in this place.
 E = Time spent auto-exploring this place.
 F = Levels seen in this place.
 G = Mean time per level.
                   A        B        C        D        E       F      G
               +--------+--------+--------+--------+--------+-----+--------+
         Total |    286 |    278 |      8 |    124 |     65 |   4 |   71.5 |
       Dungeon |    286 |    278 |      8 |    124 |     65 |   4 |   71.5 |
               +--------+--------+--------+--------+--------+-----+--------+

Top non-repeatable levels by time:
     D:3: 106 daAuts
     D:1: 89 daAuts
     D:4: 46 daAuts
     D:2: 44 daAuts
